 Dungeon Crawl Stone Soup version 0.28.0-45-g0d030f2227 (webtiles) character file.

Game seed: 17644696014169863147

1094 Bruhh the Skirmisher (level 8, -12/54 HPs)
             Began as a Gargoyle Fighter on Apr 20, 2022.
             Was a Follower of the Shining One.
             Mangled by a cyclops (18 damage)
             ... on level 6 of the Dungeon.
             The game lasted 00:12:04 (7378 turns).

Bruhh the Skirmisher (Gargoyle Fighter)             Turns: 7378, Time: 00:12:04

Health: -12/54     AC: 13    Str: 22    XL:     8   Next: 31%
Magic:  8/8        EV:  9    Int:  9    God:    the Shining One [*.....]
Gold:   278        SH:  4    Dex:  9    Spells: 7/7 levels left

rFire   . . .      SeeInvis .   d - +2 hand axe (vorpal)
rCold   . . .      Faith    .   c - +0 buckler
rNeg    + . .      Spirit   .   b - +0 scale mail
rPois   ∞          Reflect  .   (no helmet)
rElec   +          Harm     .   (no cloak)
rCorr   .          Rampage  .   r - +0 pair of gloves
Will    .....                   (no boots)
Stlth   ..........              (no amulet)
HPRegen 0.18/turn               (no ring)
MPRegen 0.11/turn               (no ring)

@: glowing
A: sickness immunity, AC +5, negative energy resistance 1, electricity
resistance, torment resistance 1, petrification resistance
a: Renounce Religion, Divine Shield


You were on level 6 of the Dungeon.
You worshipped the Shining One.
The Shining One was aware of your devotion.
You visited 2 branches of the dungeon, and saw 7 of its levels.

You collected 278 gold pieces.

Inventory:

Hand Weapons
 a - a +0 flail
 d - a +2 vorpal hand axe (weapon)
Missiles
 j - a throwing net (quivered)
Armour
 b - a +0 scale mail (worn)
 c - a +0 buckler (worn)
 r - a +0 pair of gloves (worn)
Jewellery
 i - a ring of wizardry
Scrolls
 e - 9 scrolls of identify {unknown}
 g - 3 scrolls of teleportation {unknown}
 k - a scroll of vulnerability {unknown}
 l - a scroll of torment {unknown}
 o - 2 scrolls of enchant armour {unknown}
 p - a scroll of fear {unknown}
 q - a scroll of enchant weapon {unknown}
 s - a scroll of silence {unknown}
 w - a scroll of fog {unknown}
Potions
 f - a potion of ambrosia {unknown}
 h - a potion of lignification {unknown}
 m - a potion of mutation {unknown}
 n - 3 potions of curing {unknown}
 t - a potion of heal wounds {unknown}
 u - a potion of degeneration {unknown}
 v - a potion of flight {unknown}


   Skills:
 - Level 7.8 Fighting
 * Level 6.2(6.4) Axes
 - Level 2.0(4.7) Maces & Flails
 - Level 3.2 Armour
 - Level 3.2 Shields


You had 7 spell levels left.
You didn't know any spells.
Your spell library contained the following spells:

 Spells                   Type           Power      Damage    Failure   Level
 Wereblood                Tmut           0%         N/A       91%         2
 Summon Hydra             Summ           0%         N/A       100%        7
 Sublimation of Blood     Necr           Unusable   N/A       N/A         2

Dungeon Overview and Level Annotations

Branches:
Dungeon (6/15)             Temple (1/1) D:5

Altars:
Ashenzari
Dithmenos
Elyvilon
Fedhas
Gozag
Kikubaaqudgha
Nemelex Xobeh
Okawaru
Qazlal
Sif Muna
Uskayaw
Vehumet
Xom
Yredelemnul
Zin
The Shining One

Annotations:
D:6 1 runed translucent door, Crazy Yiuf


Innate Abilities, Weirdness & Mutations

You are immune to sickness and miasma.
Your stone body is resilient. (AC +5)
You are immune to poison.
You resist negative energy. (rN+)
You are resistant to electric shocks. (rElec)
You are resistant to unholy torment.
You are immune to petrification.


Message History

The cyclops shouts!
A cyclops is nearby!
A cyclops is nearby!
A bullfrog comes into view.
The bullfrog gives a loud, deep croak!
A water moccasin zombie comes into view.
The bullfrog hits you but does no damage.
The bullfrog hits you but does no damage.
The bullfrog hits you but does no damage.
The bullfrog barely misses you.
The bullfrog hits you but does no damage.
The bullfrog hits you but does no damage.
The bullfrog hits you but does no damage.
The bullfrog hits you. The bullfrog barely misses you.
The bullfrog hits you but does no damage.
There is a stone staircase leading up here.
You hit the bullfrog.
The bullfrog is moderately wounded.
The bullfrog barely misses you.
You hit the bullfrog.
The bullfrog is heavily wounded.
The bullfrog hits you but does no damage.
The bullfrog barely misses you.
You hit the bullfrog.
The bullfrog is severely wounded.
You block the bullfrog's attack.
The bullfrog hits you but does no damage.
You slash the bullfrog!
You kill the bullfrog!
The cyclops throws a large rock.
The large rock barely misses you. The cyclops hits you!!
You hit the cyclops.
The cyclops is lightly wounded.
The cyclops hits you!!
* * * LOW HITPOINT WARNING * * *
You hit the cyclops.
The cyclops is lightly wounded.
The cyclops hits you!!
You die...

### #<# #.# #.# #.#
#.# ########.#
#........#
#.....C@.#
#........#
#........#
########........#
..........#######
..........#
.....).#....#######
......
+....#...#.### ###
......
#.........#..##...#


You could see a cyclops.

Vanquished Creatures
  2 black bears
  An ogre (D:4)
  A bullfrog (D:6)
  A scorpion (D:4)
  A water moccasin zombie (D:6)
  A hound (D:5)
  9 orc priests
  3 iguanas
  4 orc wizards (D:5)
  A hound zombie (D:5)
  3 gnolls (D:4)
  3 adders (D:2)
  A shadow imp (D:5)
  An ufetubus (D:6)
  An adder skeleton (D:4)
  3 worms
  3 dart slugs
  17 orcs
  4 ball pythons
  10 endoplasms
  3 giant cockroaches
  5 goblins
  2 hobgoblins
  4 jackals (D:5)
  4 quokkas
  4 bats
  2 frilled lizards
  5 kobolds
  2 rats
101 creatures vanquished.

Vanquished Creatures (others)
  2 plants (D:1)
2 creatures vanquished.

Grand Total: 103 creatures vanquished

Notes
Turn   | Place    | Note
-------+----------+-------------------------------------------
     0 | D:1      | Bruhh the Gargoyle Fighter began the quest for the Orb.
     0 | D:1      | Reached XP level 1. HP: 14/14 MP: 1/1
   450 | D:1      | Reached XP level 2. HP: 20/20 MP: 2/2
   490 | D:1      | Reached skill level 4 in Fighting
   817 | D:1      | Found a faded altar of an unknown god.
  1338 | D:2      | Reached XP level 3. HP: 20/24 MP: 3/3
  1653 | D:2      | Reached skill level 5 in Fighting
  1955 | D:2      | Reached XP level 4. HP: 23/31 MP: 4/4
  3384 | D:3      | Reached skill level 6 in Fighting
  3681 | D:4      | Reached XP level 5. HP: 27/36 MP: 5/5
  4012 | D:4      | Noticed an ogre
  4021 | D:4      | Killed an ogre
  4022 | D:4      | Reached skill level 7 in Fighting
  4022 | D:4      | Reached XP level 6. HP: 44/44 MP: 6/6
  4663 | D:5      | Entered Level 5 of the Dungeon
  4682 | D:5      | Found a shimmering blue altar of Sif Muna.
  4853 | D:5      | Found a staircase to the Ecumenical Temple.
  5021 | D:6      | Reached skill level 1 in Axes
  5406 | D:5      | Reached XP level 7. HP: 35/48 MP: 7/7
  5411 | Temple   | Entered the Ecumenical Temple
  5504 | Temple   | Became a worshipper of the Shining One
  6645 | D:5      | Reached skill level 5 in Axes
  6645 | D:5      | Reached XP level 8. HP: 42/54 MP: 8/8
  6686 | D:5      | Reached * piety under the Shining One
  7315 | D:6      | Found a runed translucent door.
  7316 | D:6      | Noticed Crazy Yiuf
  7337 | D:6      | Noticed a cyclops
  7378 | D:6      | Mangled by a cyclops

Illustrated notes

Levels and vault maps discovered:
D:1:      evilmike_arrival_hilbert_curve, layout_loops_ring,
          nicolae_ecumenical_lake_church, serial_forest,
          infiniplex_forest_end_2, infiniplex_forest_end_2,
          infiniplex_forest_clump_small, infiniplex_forest_clump_cross,
          infiniplex_forest_clump_curved, infiniplex_forest_lined_corner,
          infiniplex_forest_lined_2, infiniplex_forest_clump_C,
          infiniplex_forest_lined_3_way
D:2:      layout_basic, minmay_hedge_maze
D:3:      layout_loops_ring, minivault_4
D:4:      layout_basic, minivault_27, minivault_25, minivault_1
D:5:      layout_basic, led_sif_pool, minmay_temple_entry_hall
D:6:      minmay_spotlight, layout_basic, uniq_menkaure, uniq_crazy_yiuf_cottage
Temple:   grunt_wide_crystal_templ

Skill      XL: |  1  2  3  4  5  6  7  8 |
---------------+-------------------------+-----
Fighting       | 4 5 6 7 |  7.8
Axes           | 2 5 6 |  6.2
Maces & Flails | |  2.0
Armour         | |  3.2
Shields        | |  3.2

Action                   |  1- 3 |  4- 6 |  7- 9 || total
-------------------------+-------+-------+-------++-------
Melee: Flail             |    88 |   130 |       ||   218
       Hand axe          |       |    25 |   116 ||   141
  Use: Potion            |       |     1 |       ||     1
Armor: Scale mail        |    44 |    91 |    79 ||   214
Dodge: Dodged            |    33 |    61 |    44 ||   138
Block: Buckler           |    21 |    25 |    16 ||    62
